 Dungeon Crawl Stone Soup version 0.27.0-1-g7a089689b8 (webtiles) character file.

Game seed: 10083834296265788137

105 SnakkuSnakku7 the Vandal (level 4, -2/28 HPs)
             Began as an Octopode Arcane Marksman on Aug 12, 2021.
             Killed from afar by an orc wizard (10 damage)
             ... with a magic dart
             ... on level 3 of the Dungeon.
             The game lasted 00:03:01 (2442 turns).

SnakkuSnakku7 the Vandal (Octopode Arcane Marksman) Turns: 2442, Time: 00:03:02

Health: -2/28      AC:  1    Str: 10    XL:     4   Next: 83%
Magic:  5/5        EV: 13    Int: 15    God:
Gold:   182        SH:  0    Dex: 12    Spells: 4/5 levels left

rFire    . . .     SeeInvis .   a - +0 hunting sling
rCold    . . .     Faith    .   (no shield)
rNeg     . . .     Spirit   .   (helmet restricted)
rPois    .         Reflect  .   (no amulet)
rElec    .         Harm     .   (no ring)
rCorr    .         Rampage  .   (no ring)
Will     .....                  (no ring)
Stlth    ++........             (no ring)
HPRegen  0.09/turn              (no ring)
MPRegen  0.09/turn              (no ring)
                                (no ring)
                                (no ring)

@: no status effects
A: almost no armour, amphibious, 8 rings, camouflage 1, gelatinous body 1,
(nimble swimmer 1), tentacles
a: no special abilities


You were on level 3 of the Dungeon.
You visited 1 branch of the dungeon, and saw 3 of its levels.

You collected 182 gold pieces.

Inventory:

Hand Weapons
 a - a +0 hunting sling (weapon)
 b - a +1 dagger of venom
 e - a +0 short sword
 g - a +1 vorpal long sword
Missiles
 c - 31 sling bullets
 m - 48 stones (quivered ammo)
 r - 2 throwing nets
Armour
 l - a +0 tower shield
Scrolls
 f - 2 scrolls of enchant armour {unknown}
 h - a scroll of identify {unknown}
 i - a scroll of blinking {unknown}
 j - a scroll of teleportation {unknown}
 k - a scroll of torment {unknown}
 q - a scroll of noise {unknown}
Potions
 d - a potion of flight {unknown}
 n - a potion of brilliance {unknown}
 o - a potion of mutation {unknown}
 p - 2 potions of heal wounds {unknown}


   Skills:
 - Level 1.0 Fighting
 + Level 4.8 Slings
 - Level 2.0 Dodging
 - Level 1.0 Spellcasting
 - Level 3.0 Hexes


You had 4 spell levels left.
You knew the following spells:

 Your Spells              Type           Power      Damage    Failure   Level
a - Corona                Hex            10%        N/A       7%          1

Your spell library contained the following spells:

 Spells                   Type           Power      Damage    Failure   Level
 Slow                     Hex            9%         N/A       11%         2
 Ensorcelled Hibernation  Hex/Ice        10%        N/A       21%         2
 Inner Flame              Hex/Fire       5%         N/A       36%         3
 Portal Projectile        Hex/Tloc       10%        N/A       36%         3
 Cause Fear               Hex            4%         N/A       56%         4
 Gell's Gravitas          Tloc           0%         N/A       58%         3
 Lesser Beckoning         Tloc           0%         N/A       58%         3
 Spider Form              Tmut/Pois      0%         N/A       58%         3
 Teleport Other           Tloc           0%         N/A       58%         3
 Shadow Creatures         Summ           N/A        N/A       100%        6


Dungeon Overview and Level Annotations

Branches:
Dungeon (3/15)

Altars:
Nemelex Xobeh
Uskayaw
Xom


Innate Abilities, Weirdness & Mutations

You cannot wear most types of armour.
You are amphibious.
You can wear up to eight rings at the same time.
Your skin changes colour to match your surroundings (Stealth+).
Your rubbery body absorbs attacks. (AC +1, EV +1)
((You are camouflaged near water. (Stealth+)))
You have tentacles for arms and can constrict up to eight enemies at once.


Message History

No target in view!
No target in view!
m - 52 stones (gained 1)
You see here a frilled lizard corpse.
m - 53 stones (gained 1)
m - 54 stones (gained 1)
m - 55 stones (gained 1)
A ball python is nearby!
A ball python is nearby!
A ball python is nearby!
You shoot a stone. The ball python hisses angrily.
The stone hits the ball python.
You kill the ball python!
A bat comes into view.
You shoot a stone. The stone hits the bat.
You kill the bat!
No target in view!
A kobold comes into view. It is wielding a +0 club.
The kobold shouts!
The orc wizard shouts!
You hear a shout!
The orc wizard casts a spell at you. The magic dart hits you!
You shoot a stone. The stone closely misses the kobold.
The orc wizard points at you and mumbles some strange words.
The puff of flame misses you.
An orc comes into view. It is wielding a +0 whip.
You shoot a stone. The stone completely misses the kobold.
You shoot a stone. The stone hits the kobold.
The kobold is severely wounded.
You shoot a stone. The stone barely misses the kobold.
The kobold hits you with a +0 club.
You shoot a stone. The stone barely misses the kobold.
The kobold closely misses you. The orc wizard casts a spell at you.
The puff of flame hits you!
* * * LOW HITPOINT WARNING * * *
The orc wizard gestures at you while chanting.
The magic dart hits you!
You die...

...................
.....#............. ...
#...........#.
#######(..........#.
#......o............
####.............##....
#.......o..............
#.....K................
#.....@######..........
#......# ###..........
####......# #....†.......
#.........# #............
#.........####............
#............#........####
#............#........>.##
#............#...###....##
#............#...###......


You could see an orc wizard, an orc and a kobold.

Vanquished Creatures
  Crazy Yiuf (D:2)
  A gnoll (D:2)
  2 adders
  2 orcs (D:3)
  5 endoplasms
  3 giant cockroaches
  3 goblins
  4 hobgoblins
  3 jackals
  2 quokkas
  3 ball pythons
  6 bats
  3 frilled lizards
  7 kobolds
  2 rats
47 creatures vanquished.

Vanquished Creatures (others)
  A fungus (D:3)
1 creature vanquished.

Grand Total: 48 creatures vanquished

Notes
Turn   | Place    | Note
-------+----------+-------------------------------------------
     0 | D:1      | SnakkuSnakku7 the Octopode Arcane Marksman began the quest
                  | for the Orb.
     0 | D:1      | Reached XP level 1. HP: 13/13 MP: 2/2
   162 | D:1      | Reached XP level 2. HP: 18/18 MP: 3/3
   296 | D:1      | Reached skill level 3 in Slings
   513 | D:1      | You fall into a shaft and drop 1 floor!
   590 | D:2      | Reached XP level 3. HP: 16/23 MP: 4/4
   943 | D:2      | Found a runed translucent door.
   944 | D:2      | Noticed Crazy Yiuf
  1158 | D:2      | Found a faded altar of an unknown god.
  1651 | D:2      | Killed Crazy Yiuf
  1652 | D:2      | Reached skill level 4 in Slings
  1652 | D:2      | Reached XP level 4. HP: 14/28 MP: 5/5
  1722 | D:3      | Found a hide-covered altar of Uskayaw.
  2266 | D:3      | Found a shimmering altar of Xom.
  2329 | D:3      | Found a sparkling altar of Nemelex Xobeh.
  2442 | D:3      | Killed from afar by an orc wizard

Illustrated notes

Levels and vault maps discovered:
D:1:      beargit_arrival_greenhouse, layout_basic, minmay_pentomino_z2
D:2:      layout_basic, ebering_ecumenical_altar_sacrificial, serial_rivers,
          chequers_serial_rivers_micro_b, chequers_serial_rivers_micro_e,
          chequers_serial_rivers_micro_e, chequers_serial_rivers_micro_e,
          chequers_serial_rivers_room_b, columned_hall_lemuel,
          uniq_crazy_yiuf_cottage
D:3:      layout_basic, mainiacjoe_overflow_boulevard, jmf_multi_god_temple

Skill      XL: |  1  2  3 |
---------------+----------+-----
Slings         | 3 4 |  4.8
Fighting       | |  1.0
Dodging        | |  2.0
Spellcasting   | |  1.0
Hexes          | |  3.0

Action                   |  1- 3 |  4- 6 || total
-------------------------+-------+-------++-------
Melee: Dagger            |    48 |       ||    48
       Constrict         |    18 |       ||    18
       Tentacles         |    13 |       ||    13
       Long sword        |     1 |       ||     1
 Fire: Hunting sling     |    23 |    59 ||    82
 Stab: Sleeping          |     6 |       ||     6
       Distracted        |     1 |       ||     1
       Invisible         |     1 |       ||     1
Armor: Skin              |     6 |     1 ||     7
Dodge: Dodged            |    37 |    15 ||    52
       Rpst.: Long sword |     1 |       ||     1
